 Dungeon Crawl Stone Soup version 0.31-a0-278-g485e682e34 (webtiles) character file.

Game seed: 18200167657559349858

68963 Conn the Arsonist (level 15, -3/88 HPs)
             Began as an Octopode Fire Elementalist on July 16, 2023.
             Was an Elder of Sif Muna.
             Slain by a frost giant
             ... wielding a +2 battleaxe of freezing
              (11 damage)
             ... in an ice cave.
             The game lasted 01:41:44 (23840 turns).

Conn the Arsonist (Octopode Fire Elementalist)     Turns: 23840, Time: 01:41:45

Health: -3/88      AC:  3    Str: 16    XL:     15   Next: 28%
Magic:  16/40      EV: 13    Int: 22    God:    Sif Muna [****..]
Gold:   199        SH: 12    Dex: 16    Spells: 3/39 levels left

rFire   + . .        n - staff "Tabrimpo" {rElec rPois Will++ Poison}
rCold   + + .        h - +2 kite shield {rPois}
rNeg    + + .        U - +2 hat of the Sky {rElec rN+ Dex+3}
rPois   +            C - amulet of magic regeneration
rElec   +            m - ring of see invisible
rCorr   +            r - ring of Xair {Wiz rPois Str+3}
SInv    +            K - ring of protection from fire
Will    +++..        I - ring of Irphezid {rPois rF+ rCorr Str+5 Int-2}
Stlth   +++++        a - ring of positive energy
HPRegen 0.34/turn    Q - ring of magical power
MPRegen 0.67/turn    x - ring of ice
                     D - ring of protection from cold

%: wizardry (x1)
@: very slightly contaminated
A: almost no armour, amphibious, 8 rings, camouflage 1, gelatinous body 1,
(nimble swimmer 1), tentacles
a: Renounce Religion, Channel Magic, Forget Spell, Divine Exegesis


You were in an ice cave.
You worshipped Sif Muna.
Sif Muna was greatly pleased with you.
You visited 4 branches of the dungeon, and saw 21 of its levels.
You also visited: Ice Cave.

You collected 2210 gold pieces.
You spent 2011 gold pieces at shops.

Inventory:

Hand Weapons
 f - a +1 dagger of flaming
 l - the +6 shillelagh "Devastator" {shatter}
   (You found it on level 5 of the Dungeon)
Missiles
 g - 32 poisoned darts
 s - 12 boomerangs of dispersal
Armour
 h - a +2 kite shield of poison resistance (worn)
 E - a +2 hat
 U - the +2 hat of the Sky (worn) {rElec rN+ Dex+3}
   (You acquired it on level 11 of the Dungeon)

   Dex:       It affects your dexterity (+3).
   rElec:     It insulates you from electricity.
   rN:        It protects you from negative energy.
Magical Staves
 i - a staff of poison
 n - the staff "Tabrimpo" (weapon) {rElec rPois Will++ Poison}
   (You bought it in a shop on level 8 of the Dungeon)

   [staff of poison]

   Base accuracy: +5 Base damage: 5 Base attack delay: 1.2 This weapon's minimum
   attack delay (0.6) is reached at skill level 12.
   rElec:     It insulates you from electricity.
   rPois:     It protects you from poison.
   Poison:    It increases the power of your Poison spells.
   Will:      It greatly increases your willpower.
   It falls into the 'Staves' category.
   It is a one-tentacled weapon.
 S - a staff of fire
Jewellery
 a - a ring of positive energy (on tentacle)
 c - an amulet of the acrobat
 m - a ring of see invisible (left tentacle)
 r - the ring of Xair (right tentacle) {Wiz rPois Str+3}
   (You found it on level 3 of the Dungeon)

   [ring of wizardry]

   It improves your spell success rate.
   Str:       It affects your strength (+3).
   rPois:     It protects you from poison.
 x - a ring of ice (on tentacle)
 C - an amulet of magic regeneration (around mantle)
 D - a ring of protection from cold (on tentacle)
 I - the ring of Irphezid (on tentacle) {rPois rF+ rCorr Str+5 Int-2}
   (You found it on level 10 of the Dungeon)

   [ring of protection from fire]

   Str:       It affects your strength (+5).
   Int:       It affects your intelligence (-2).
   rF:        It protects you from fire.
   rPois:     It protects you from poison.
   rCorr:     It protects you from acid and corrosion.
 K - a ring of protection from fire (on tentacle)
 M - a ring of flight
 Q - a ring of magical power (on tentacle)
Talismans
 o - a blade talisman
 J - a blade talisman
 L - a dragon-blood talisman
Wands
 j - a wand of mindburst (16)
 w - a wand of flame (55)
 y - a wand of polymorph (13)
 H - a wand of digging (7)
 N - a wand of paralysis (10)
 O - a wand of iceblast (6)
Scrolls
 k - 8 scrolls of teleportation
 p - 3 scrolls of vulnerability
 q - 4 scrolls of identify
 v - 3 scrolls of amnesia
 B - a scroll of silence
 P - a scroll of immolation
 R - a scroll of fear
 W - a scroll of poison
Potions
 d - 6 potions of ambrosia
 e - 7 potions of curing
 t - a potion of resistance
 u - a potion of berserk rage
 z - a potion of enlightenment
 A - 2 potions of attraction
 F - a potion of invisibility
 T - a potion of heal wounds
 V - 2 potions of brilliance
Miscellaneous
 b - a box of beasts
 G - a phantom mirror


   Skills:
 + Level 3.0 Fighting
 + Level 1.0 Short Blades
 + Level 3.0(3.1) Maces & Flails
 + Level 1.2(2.3) Staves
 + Level 4.7 Dodging
 - Level 7.0 Stealth
 * Level 7.0 Shields
 + Level 0.2 Unarmed Combat
 + Level 12.5 Spellcasting
 * Level 10.0 Conjurations
 + Level 5.0 Hexes
 + Level 6.4 Summonings
 + Level 0.5 Translocations
 + Level 12.7 Fire Magic
 + Level 0.5 Ice Magic
 + Level 0.4 Air Magic
 * Level 5.4 Earth Magic
 + Level 2.0 Poison Magic
 * Level 10.0 Invocations


You had 3 spell levels left.
You knew the following spells:

 Your Spells              Type           Power      Damage    Failure   Level
a - Foxfire               Conj/Fire      100%       2x1d9     1%          1
b - Scorch                Fire           100%       2d9       1%          2
c - Inner Flame           Hex/Fire       52%        N/A       1%          3
d - Flame Wave            Conj/Fire      59%        2d14      1%          4
e - Hailstorm             Conj/Ice       54%        3d12      1%          3
f - Summon Guardian Gole  Hex/Summ       39%        N/A       1%          3
g - Iskenderun's Mystic   Conj/Tloc      37%        2d9       5%          4
h - Summon Small Mammal   Summ           100%       N/A       1%          1
i - Mephitic Cloud        Conj/Pois/Air  48%        N/A       2%          3
j - Leda's Unmaking       Conj/Erth      23%        9d4       28%         6
k - Starburst             Conj/Fire      29%        6d9       6%          6

Your spell library contained the following spells:

 Spells                   Type           Power      Damage    Failure   Level
 Kiss of Death            Conj/Necr      100%       2d13      1%          1
 Searing Ray              Conj           100%       2d8       1%          2
 Call Canine Familiar     Summ           42%        N/A       1%          3
 Confusing Touch          Hex            35%        N/A       1%          3
 Volatile Blastmotes      Fire/Tloc      86%        2d17      1%          3
 Freeze                   Ice            96%        1d10      3%          1
 Sting                    Tmut/Pois      100%       1d8       3%          1
 Cigotuvi's Dreadful Rot  Necr/Pois/Air  52%        N/A       4%          2
 Portal Projectile        Hex/Tloc       52%        N/A       4%          3
 Frozen Ramparts          Ice            48%        1d8       11%         3
 Fulminant Prism          Conj/Hex       23%        3d12      1%          4
 Fireball                 Conj/Fire      29%        3d13      1%          5
 Iskenderun's Battlesphe  Conj           55%        2d11      1%          5
 Leda's Liquefaction      Hex/Erth       18%        N/A       5%          4
 Summon Ice Beast         Ice/Summ       43%        N/A       11%         4
 Summon Mana Viper        Hex/Summ       39%        N/A       12%         5
 Irradiate                Conj/Tmut      17%        3d17      16%         5
 Passage of Golubria      Tloc           16%        N/A       32%         4
 Silence                  Hex/Air        12%        N/A       38%         5
 Dispel Undead            Necr           13%        3d9       41%         4
 Orb of Destruction       Conj           27%        9d9       50%         7
 Monstrous Menagerie      Summ           21%        N/A       92%         7
 Death Channel            Necr           6%         N/A       99%         6
 Lehudib's Crystal Spear  Conj/Erth      23%        10d7      100%        8
 Chain Lightning          Conj/Air       18%        3d24      100%        9


Dungeon Overview and Level Annotations

Branches:
Dungeon (13/15)            Temple (1/1) D:5            Lair (5/5) D:11
  Swamp (0/4) Lair:3       Spider (0/4) Lair:2        Slime (0/5) Lair:5
    Orc (2/2) D:10            Elf (0/3) Orc:2         IceCv (1/1)
 Vaults: D:13-14

Altars:
Elyvilon
Kikubaaqudgha
Makhleb
Okawaru
Qazlal
Ru
Sif Muna
Trog
Uskayaw
Vehumet
Wu Jian
Xom
Zin
The Shining One
Jiyva

Shops:
D:3 :   D:5 :   D:8 *   D:11 (!((?   D:13 *   Orc:2 [[(!


Innate Abilities, Weirdness & Mutations

You cannot wear most types of armour.
You are amphibious.
You can wear up to eight rings at the same time.
Your skin changes colour to match your surroundings (Stealth+).
Your rubbery body absorbs attacks. (AC +1, EV +1)
((You are camouflaged when in or above water. (Stealth+)))
You have tentacles for arms and can constrict up to eight enemies at once.


Message History

Confirm with . or Enter, or press ? or * to list all spells.
Casting: Starburst (dangerous; 6% risk of failure)
Press: ? - help, Dir - look around, f - activate The bolt of fire hits the frost giant!!
The frost giant is burned terribly!
The frost giant is almost dead.
The frost giant points at you and mumbles some strange words.
You hear a sizzling sound!
Unknown command.
Casting: Starburst (dangerous; 6% risk of failure)
Confirm with . or Enter, or press ? or * to list all spells.
Okay, then.
Casting: Starburst (dangerous; 6% risk of failure)
Confirm with . or Enter, or press ? or * to list all spells.
Okay, then.
Okay, then.
Unknown command.
Casting: Starburst (dangerous; 6% risk of failure)
Confirm with . or Enter, or press ? or * to list all spells.
You erupt in a blast of force!
The mystic blast hits the frost giant!
The frost giant is almost dead.
Casting: Iskenderun's Mystic Blast (dangerous; 5% risk of failure)
Confirm with . or Enter, or press ? or * to list all spells.
You erupt in a blast of force!
The mystic blast hits the frost giant but does no damage.
The frost giant is almost dead.
You hear a bellow!
The frost giant is no longer more vulnerable to fire.
The frost giant gestures at you while chanting.
The bolt of cold hits you! You resist.
* * * LOW HITPOINT WARNING * * *
Casting: Iskenderun's Mystic Blast (dangerous; 5% risk of failure)
Confirm with . or Enter, or press ? or * to list all spells.
Casting: Flame Wave (safe; 1% risk of failure)
Press: ? - help, Dir - look around, f - activate A wave of flame ripples out!
The flame wave engulfs the frost giant!
The frost giant is almost dead. (Press . to intensify the flame waves.)
You hear a bellow!
The frost giant hits you with a +2 battleaxe of freezing!
You die...

. ##### .
###...#### .
##...#....### .
#.@####.....## #
#§C#####.....###
##.§.######....##
#§§§..# ##....##
#.#..[## ###.††##
#.######
#########..# ##
###....##...##
###...#....####
## ###....#######


You could see a frost giant.

Vanquished Creatures
  Rupert (Lair:5)
  Gastronok (D:9)
  2 orc warlords (Orc:2)
  3 hydras
  5 two-headed ogres
  A tengu warrior (D:11)
  2 death yaks (IceCv)
  Nergalle (Orc:1)
  A pharaoh ant (Lair:2)
  3 skeletal warriors (D:13)
  2 skysharks (Lair:4)
  3 orc knights (Orc:2)
  2 ugly things
  A cyclops (D:11)
  4 orc sorcerers
  2 manticores (D:12)
  5 elephants (Lair:4)
  5 black mambas
  An ice statue (IceCv)
  A torpor snail (Lair:1)
  11 cane toads
  4 rime drakes
  A kobold demonologist (D:11)
  2 unseen horrors (D:11)
  A tengu conjurer (D:11)
  6 komodo dragons
  14 polar bears
  4 trolls
  6 hornets
  A tarantella (Lair:2)
  8 blink frogs
  2 dream sheep (Lair:5)
  4 shadows
  13 spriggans (Lair:5)
  5 wyverns
  7 wraiths
  42 yaks
  2 redbacks (Lair:2)
  3 vampire mosquitoes (D:11)
  A steam dragon (Lair:2)
  6 basilisks
  A swamp worm (Lair:3)
  Edmund (D:5)
  3 wargs (Orc:2)
  An acid dragon (D:12)
  11 water moccasins
  Duvessa (D:5)
  31 orc warriors
  A sky beast (D:8)
  5 black bears
  56 wolves
  12 ogres
  4 boggarts (Lair:5)
  5 centaurs
  A phantom (D:6)
  A kobold brigand (D:6)
  15 bullfrogs
  6 scorpions
  A gnoll sergeant (D:9)
  6 wights
  Dowan (D:5)
  3 electric eels
  2 howler monkeys
  3 jellies (Lair:5)
  4 hounds
  16 orc priests
  Crazy Yiuf (D:2)
  A sleepcap (D:6)
  6 iguanas
  19 orc wizards
  An ogre zombie (D:4)
  4 adders
  12 gnolls
  A gnoll zombie (D:4)
  3 shadow imps
  4 ufetubi
  2 dart slugs (D:4)
  80 orcs
  8 ball pythons
  7 bats
  6 endoplasms
  4 giant cockroaches
  8 goblins
  7 hobgoblins
  6 jackals
  4 quokkas
  2 frilled lizards
  21 kobolds
  9 rats
596 creatures vanquished.

Vanquished Creatures (collateral kills)
  An orc (Orc:2)
  7 foxfires
8 creatures vanquished.

Vanquished Creatures (others)
  Josephine (Lair:5)
  A catoblepas (Lair:2)
  A death yak (IceCv)
  A two-headed ogre (D:8)
  2 skeletal warriors (D:13)
  A gargoyle (D:11)
  A cane toad (Lair:3)
  A rime drake (Lair:1)
  A polar bear (IceCv)
  2 trolls
  A wraith (Lair:5)
  2 orc warriors (Orc:2)
  A gnoll sergeant (D:9)
  An orc priest (Orc:2)
  An orc (Orc:1)
  1256 foxfires
1274 creatures vanquished.

Grand Total: 1878 creatures vanquished

Notes
Turn   | Place    | Note
-------+----------+-------------------------------------------
     0 | D:1      | Conn the Octopode Fire Elementalist began the quest for the
                  | Orb.
     0 | D:1      | Reached XP level 1. HP: 11/11 MP: 3/3
   272 | D:1      | Reached XP level 2. HP: 17/17 MP: 3/5
   605 | D:1      | Reached XP level 3. HP: 12/22 MP: 6/6
   614 | D:1      | Learned a level 2 spell: Scorch
   618 | D:1      | Learned a level 3 spell: Inner Flame
  1164 | D:2      | Found a bloodstained altar of Trog.
  1228 | D:2      | Reached XP level 4. HP: 21/27 MP: 2/7
  2179 | D:2      | Found a runed translucent door.
  2180 | D:2      | Noticed Crazy Yiuf
  2186 | D:2      | Killed Crazy Yiuf
  2187 | D:2      | Reached XP level 5. HP: 32/32 MP: 1/8
  2539 | D:3      | Identified the ring of Xair {Wiz rPois Str+3}
  2788 | D:3      | Reached skill level 5 in Stealth
  2900 | D:3      | Found Taajuh's Book Boutique.
  3459 | D:4      | Found a transporter.
  3486 | D:4      | Found a transporter.
  3493 | D:4      | Reached XP level 6. HP: 25/37 MP: 4/10
  3782 | D:4      | Reached skill level 1 in Staves
  4279 | D:4      | Reached skill level 5 in Fire Magic
  4279 | D:4      | Reached XP level 7. HP: 42/42 MP: 7/12
  4565 | D:5      | Entered Level 5 of the Dungeon
  4565 | D:5      | Noticed Edmund
  4570 | D:5      | Noticed Dowan
  4797 | D:5      | Noticed Ijyb
  4827 | D:5      | Ijyb changed into Ijyb the iguana
  4827 | D:5      | Noticed Ijyb
  4834 | D:5      | Killed Ijyb the iguana
  4835 | D:5      | Reached XP level 8. HP: 32/47 MP: 1/14
  4868 | D:5      | Noticed Duvessa
  4884 | D:5      | Killed Duvessa
  4885 | D:5      | Reached skill level 1 in Hexes
  4994 | D:5      | Killed Dowan
  4995 | D:5      | Reached skill level 5 in Spellcasting
  5102 | D:5      | Killed Edmund
  5148 | D:6      | Reached skill level 1 in Fighting
  5672 | D:5      | Reached XP level 9. HP: 53/53 MP: 9/18
  5678 | D:5      | Reached skill level 1 in Short Blades
  5777 | D:5      | Found the +6 shillelagh "Devastator" {shatter}
  5805 | D:5      | Found Hiofyff's Book Boutique.
  5813 | D:5      | Bought the Octavo of Accompaniment and Tephra for 320 gold
                  | pieces
  5818 | D:5      | Learned a level 4 spell: Flame Wave
  5822 | D:5      | Learned a level 3 spell: Hailstorm
  5826 | D:5      | Learned a level 3 spell: Summon Guardian Golem
  5831 | D:5      | Learned a level 4 spell: Iskenderun's Mystic Blast
  5919 | D:5      | Found a staircase to the Ecumenical Temple.
  5931 | Temple   | Entered the Ecumenical Temple
  5944 | Temple   | Became a worshipper of Sif Muna the Loreminder
  7915 | D:8      | Found Bienkake's Serpentskin Sales.
  7919 | D:8      | Bought the Grimoire of the Spider for 216 gold pieces
  8185 | D:8      | Learned a level 1 spell: Summon Small Mammal
  8263 | D:8      | Noticed a two-headed ogre
  8279 | D:8      | Killed a two-headed ogre
  8280 | D:8      | Reached skill level 1 in Maces & Flails
  8280 | D:8      | Reached skill level 1 in Summonings
  8280 | D:8      | Reached skill level 1 in Invocations
  8549 | D:8      | Reached XP level 10. HP: 60/60 MP: 21/21
  8825 | D:9      | Reached * piety under Sif Muna
  8866 | D:9      | Reached skill level 5 in Conjurations
  9178 | D:9      | Noticed Gastronok
  9195 | D:9      | Killed Gastronok
  9407 | D:9      | Found a sacrificial altar of Ru.
  9411 | D:9      | Found an ancient bone altar of Kikubaaqudgha.
  9411 | D:9      | Found an iron altar of Okawaru.
  9933 | D:10     | Entered Level 10 of the Dungeon
  9962 | D:10     | Identified the ring of Irphezid {rPois rF+ rCorr Str+5
                  | Int-2}
 10003 | D:10     | Learned a level 3 spell: Mephitic Cloud
 10035 | D:10     | Found a staircase to the Orcish Mines.
 10110 | D:10     | Noticed a two-headed ogre
 10118 | D:10     | Killed a two-headed ogre
 10119 | D:10     | Reached XP level 11. HP: 64/64 MP: 18/23
 10407 | D:11     | Found Byebuenec's Antique Weapon Shop.
 10425 | D:11     | Found a staircase to the Lair.
 10465 | D:11     | Reached ** piety under Sif Muna
 10573 | D:11     | Found Kiuwon's Weapon Shop.
 10585 | D:11     | HP: 3/96 [vampire mosquito (9)]
 10588 | D:11     | Noticed a two-headed ogre
 10594 | D:11     | Noticed a two-headed ogre
 10599 | D:11     | Killed a two-headed ogre
 10605 | D:11     | Killed a two-headed ogre
 10854 | D:11     | Noticed a tengu warrior
 10867 | D:11     | Killed a tengu warrior
 10942 | D:11     | Found Jielan's Magic Scroll Boutique.
 11023 | D:11     | Noticed a cyclops
 11035 | D:11     | Killed a cyclops
 11117 | D:11     | Found Igemm's Distillery.
 11121 | D:11     | Bought a potion of curing for 36 gold pieces
 11121 | D:11     | Bought a potion of heal wounds for 60 gold pieces
 11121 | D:11     | Bought a potion of invisibility for 96 gold pieces
 11121 | D:11     | Bought a potion of lignification for 36 gold pieces
 11155 | D:11     | Found Yrayzeurr's Weapon Shop.
 11177 | D:11     | Reached skill level 5 in Invocations
 11288 | D:11     | Noticed a green ugly thing
 11300 | D:11     | Killed a green ugly thing
 11301 | D:11     | Reached skill level 5 in Summonings
 11319 | D:11     | Reached skill level 10 in Fire Magic
 11344 | D:11     | Reached XP level 12. HP: 61/70 MP: 9/25
 11627 | Orc:1    | Entered Level 1 of the Orcish Mines
 11783 | Orc:2    | Entered Level 2 of the Orcish Mines
 11783 | Orc:2    | Found a staircase to the Elven Halls.
 11786 | Orc:2    | Reached *** piety under Sif Muna
 12060 | Orc:2    | Reached skill level 10 in Spellcasting
 12230 | Orc:2    | Found Riobeace's Armour Shoppe.
 12236 | Orc:2    | Bought a +1 kite shield of poison resistance for 175 gold
                  | pieces
 12814 | Orc:2    | Reached skill level 1 in Shields
 12868 | Orc:2    | Reached **** piety under Sif Muna
 13058 | Orc:2    | Noticed an orc warlord
 13458 | Orc:2    | Found Duuhaj's Distillery.
 13497 | Orc:2    | Killed an orc warlord
 13878 | Orc:2    | Noticed an orc warlord
 13905 | Orc:2    | Reached skill level 1 in Poison Magic
 14017 | Orc:2    | Killed an orc warlord
 14018 | Orc:2    | Reached XP level 13. HP: 76/76 MP: 1/27
 14126 | Orc:2    | Found Rahy's Antique Armour Boutique.
 14128 | Orc:2    | Found Badoroa's Antique Weapon Shop.
 14316 | Orc:1    | Noticed Nergalle
 14329 | Orc:1    | Killed Nergalle
 14722 | D:8      | Bought the staff "Tabrimpo" {rElec rPois Will++ Poison} for
                  | 300 gold pieces
 14739 | D:8      | Learned a level 6 spell: Leda's Unmaking
 14844 | Lair:1   | Entered Level 1 of the Lair of Beasts
 15290 | Lair:1   | Reached ***** piety under Sif Muna
 15304 | Lair:1   | Reached skill level 1 in Earth Magic
 16110 | Lair:1   | Found the +4 skin of Zhor {*Englaciate rC+++ SInv}
 16375 | Lair:2   | Found a hole to the Spider Nest.
 17190 | Lair:2   | Reached skill level 5 in Shields
 17195 | Lair:2   | Received a gift from Sif Muna
 17197 | Lair:2   | Got Sif Muna's Commentary on the Barrage {god gift}
 17786 | Lair:3   | Found a staircase to the Swamp.
 18188 | Lair:3   | Reached XP level 14. HP: 73/81 MP: 5/29
 20022 | Lair:5   | Entered Level 5 of the Lair of Beasts
 20402 | Lair:5   | Received a gift from Sif Muna
 20407 | Lair:5   | Got Sif Muna's Notes on Fulmination {god gift}
 20415 | Lair:5   | Learned a level 6 spell: Starburst
 20492 | Lair:5   | Found a staircase to the Slime Pits.
 20492 | Lair:5   | Found a viscous altar of Jiyva.
 20527 | Lair:5   | Noticed Josephine
 20532 | Lair:5   | Killed Josephine
 20610 | Lair:5   | Noticed Rupert
 20629 | Lair:5   | Killed Rupert
 21301 | Lair:5   | Identified the +0 helmet of Gravity {rCorr Str+4}
 21873 | D:11     | Bought a scroll of acquirement for 676 gold pieces
 21877 | D:11     | Acquired the +2 hat of the Sky {rElec rN+ Dex+3}
 21948 | D:12     | Reached skill level 5 in Earth Magic
 22721 | D:13     | Found Tequsch's Assorted Antiques.
 22730 | D:13     | Bought an ivory wand for 96 gold pieces
 22861 | D:13     | Reached XP level 15. HP: 88/88 MP: 2/31
 22963 | D:13     | Found a frozen archway.
 22973 | IceCv    | Entered an ice cave
 23661 | IceCv    | Reached skill level 5 in Hexes
 23724 | IceCv    | Reached skill level 10 in Invocations
 23791 | IceCv    | Reached skill level 10 in Conjurations
 23825 | IceCv    | Identified the +0 pair of boots of Gluttony {Harm Will+
                  | Str+3}
 23826 | IceCv    | Noticed a frost giant
 23840 | IceCv    | Slain by a frost giant

Illustrated notes

Levels and vault maps discovered:
D:1:      dpeg_arrival_water_fire, layout_loops_ring, nrook_campfire
D:2:      layout_basic, basic_altar, minmay_misc_feat_rows, minmay_circle_x,
          uniq_crazy_yiuf_cottage
D:3:      layout_loops_ring, serial_shops, shop, minmay_misc_feat_tiny
D:4:      gammafunk_cloud_chamber, layout_gridville, kennysheep_generic_room_16
D:5:      layout_cave_pools, minmay_temple_entry_tees, serial_shops, shop,
          minmay_misc_feat_plants, dilly_guarded_unrand_devastator, uniq_edmund,
          uniq_ijyb, uniq_duvessa
D:6:      layout_cave_pods, kennysheep_generic_room_2
D:7:      layout_cave_pods
D:8:      layout_loops_ring, roderic_lattice_a, guppyfry_shop_venom
D:9:      layout_basic, grunt_temple_overflow_diamond,
          minmay_misc_feat_enclosed, uniq_gastronok
D:10:     layout_basic, orc_0_dummy
D:11:     layout_irregular_city, lair_entry_dummy, serial_shops,
          nicolae_shop_waterfront, nicolae_shop_crystal, nicolae_shop_peninsula,
          shop, nicolae_shop_back_alley_shop, grunt_potential
D:12:     layout_cave_pools
D:13:     layout_loops_corners, serial_shops, nicolae_shop_overgrown_old_shop,
          portal_ice_cave_entry_pillars_1, uniq_jorgrun, uniq_urug, uniq_nessos
Temple:   hellmonk_temple_of_storms
Lair:1:   layout_roguey, hellmonk_guarded_unrand_zhor
Lair:2:   layout_cave_pods, nicolae_spider_entry_lesser_pyramids,
          infiniplex_staircase_pool
Lair:3:   layout_misc_corridors, palyth_hydra_swamp_entry,
          nicolae_quartered_pool_super, beast_lair_carwin_9
Lair:4:   layout_regular_city, serial_bayou_pond_b, beast_lair_carwin_5
Lair:5:   minmay_lair_end_enchanted_forest, layout_big_grid,
          nicolae_slime_entry_slimehenge, eino_small_chamber_without_monster,
          uniq_josephine, uniq_rupert
Orc:1:    layout_diamond_mine, uniq_nergalle
Orc:2:    grunt_orc_community_town_hall, layout_diamond_mine,
          grunt_orc_community_big_house_2, grunt_orc_community_big_house_1,
          grunt_orc_community_house_3, grunt_orc_community_house_1,
          grunt_orc_community_house_1, grunt_orc_community_house_1
IceCv:    ice_cave_caverns_01

Skill      XL: |  1  2  3  4  5  6  7  8  9 10 11 12 13 14 15 |
---------------+----------------------------------------------+-----
Stealth        | 3 4 5 6 7 |  7.0
Fire Magic     | 4 5 6 7 8 10 11 12 | 12.7
Spellcasting   | 3 4 6 7 8 9 10 11 12 | 12.5
Conjurations   | 2 3 4 6 8 9 10 | 10.0
Staves         | 1 |  1.2
Hexes          | 1 2 3 4 5 |  5.0
Fighting       | 1 2 3 |  3.0
Short Blades   | 1 |  1.0
Maces & Flails | 1 2 3 |  3.0
Summonings     | 1 4 5 6 |  6.4
Invocations    | 2 3 5 6 8 9 10 | 10.0
Dodging        | 3 4 |  4.7
Shields        | 3 5 6 7 |  7.0
Poison Magic   | 1 2 |  2.0
Earth Magic    | 3 5 |  5.4
Unarmed Combat | |  0.2
Translocations | |  0.5
Ice Magic      | |  0.5
Air Magic      | |  0.4

Action                     |  1- 3 |  4- 6 |  7- 9 | 10-12 | 13-15 || total
---------------------------+-------+-------+-------+-------+-------++-------
  Melee: Unarmed           |     9 |       |       |       |       ||     9
         Constrict         |    17 |    12 |     7 |     3 |     7 ||    46
         Tentacles         |    14 |     8 |     7 |     3 |    15 ||    47
         Dagger            |    20 |       |    14 |       |       ||    34
         Staff             |    15 |    30 |     4 |       |    44 ||    93
         Punch             |     1 |       |       |       |     3 ||     4
         Shillelagh        |       |       |    19 |    15 |       ||    34
   Cast: Foxfire           |    25 |   104 |    82 |   239 |   268 ||   718
         Scorch            |     1 |    22 |    40 |   131 |   218 ||   412
         Inner Flame       |       |     2 |     8 |    51 |    48 ||   109
         Flame Wave        |       |       |     4 |    30 |    92 ||   126
         Summon Guardian G |       |       |     2 |    26 |    25 ||    53
         Hailstorm         |       |       |       |    11 |    13 ||    24
         Iskenderun's Myst |       |       |       |    15 |    31 ||    46
         Mephitic Cloud    |       |       |       |    17 |    20 ||    37
         Summon Small Mamm |       |       |       |     8 |     5 ||    13
         Summon Ice Beast  |       |       |       |       |     1 ||     1
         Starburst         |       |       |       |       |     1 ||     1
 Invoke: Channel Magic     |       |       |       |     4 |     1 ||     5
         Divine Exegesis   |       |       |       |       |     1 ||     1
  Evoke: Wand              |       |       |     1 |     1 |     1 ||     3
         Box of beasts     |       |       |       |       |     1 ||     1
    Use: Potion            |       |     4 |     1 |    10 |     7 ||    22
         Scroll            |       |       |    11 |    10 |     7 ||    28
   Stab: Sleeping          |     6 |     3 |     7 |     2 |     2 ||    20
         Confused          |       |       |       |       |     4 ||     4
 Armour: Skin              |     7 |     2 |     3 |    10 |    28 ||    50
  Dodge: Dodged            |    45 |    26 |    32 |    78 |   116 ||   297
  Block: Kite shield       |       |       |       |       |   108 ||   108

Table legend: (Time is in decaauts)
 A = Elapsed time spent in this place.
 B = Non-inter-level travel time spent in this place.
 C = Inter-level travel time spent in this place.
 D = Time resting spent in this place.
 E = Time spent auto-exploring this place.
 F = Levels seen in this place.
 G = Mean time per level.
                   A        B        C        D        E       F      G
               +--------+--------+--------+--------+--------+-----+--------+
         Total |  23874 |  23076 |    798 |   1454 |  14872 |  22 | 1085.2 |
       Dungeon |  13000 |  12495 |    505 |    563 |   8549 |  13 | 1000.0 |
        Temple |     26 |     26 |      0 |      0 |      0 |   1 |   26.0 |
          Lair |   6971 |   6805 |    166 |    362 |   4681 |   5 | 1394.2 |
  Orcish Mines |   3006 |   2879 |    127 |    368 |   1275 |   2 | 1503.0 |
      Ice Cave |    868 |    868 |      0 |    161 |    367 |   1 |  868.0 |
               +--------+--------+--------+--------+--------+-----+--------+

Top non-repeatable levels by time:
   Orc:2: 2167 daAuts
  Lair:4: 1598 daAuts
  Lair:5: 1547 daAuts
     D:2: 1364 daAuts
    D:11: 1339 daAuts
  Lair:1: 1337 daAuts
     D:4: 1294 daAuts
     D:8: 1268 daAuts
  Lair:3: 1248 daAuts
  Lair:2: 1240 daAuts
     D:9: 1206 daAuts
     D:6: 1144 daAuts
     D:1: 1099 daAuts
     D:5: 971 daAuts
     D:3: 937 daAuts
